 Dungeon Crawl Stone Soup version 0.32-a0-18-g89e19f1974 (webtiles) character file.

Game seed: 2627962022412885411

115 bobarctor the Ruffian (level 4, -3/33 HPs)
             Began as a Demonspawn Shapeshifter on Jan 16, 2024.
             Slain by an orc wizard
             ... wielding a +0 dagger
              (4 damage)
             ... on level 4 of the Dungeon on Jan 17, 2024.
             The game lasted 00:11:50 (3126 turns).

bobarctor the Ruffian (Demonspawn Shapeshifter)     Turns: 3126, Time: 00:11:51

Health: -3/33      AC:  2    Str: 17    XL:     4   Next: 68%
Magic:  4/4        EV: 13    Int: 10    God:
Gold:   189        SH:  0    Dex: 18    Spells: 3/3 levels left

rFire   . .          .
                       - Unarmed
rCold   . . .        (no shield)
rNeg    . . .        a - +0 animal skin
rPois   .            (helmet currently unavailable)
rElec   .            (cloak unavailable)
rCorr   .            (gloves currently unavailable)
SInv    .            (boots currently unavailable)
Will    .....        (no amulet)
Stlth   ++           f - +6 ring of dexterity
HPRegen 0.25/turn    (no ring)
MPRegen 0.09/turn

%: no passive effects
@: beast-form
A: beast (slay +1), weakness stinger 3
a: Begin Untransformation


You were on level 4 of the Dungeon.
You were a hulking beast.
You visited 1 branch of the dungeon, and saw 4 of its levels.

You collected 215 gold pieces.
You spent 26 gold pieces at shops.

Inventory:

Missiles
 k - 28 stones
 l - 2 poisoned darts (quivered)
Armour
 a - a +0 animal skin (worn)
Jewellery
 f - a +6 ring of dexterity (left hand)
 q - a ring of protection from fire
Talismans
 c - a beast talisman
 d - a flux talisman
Wands
 s - a wand of polymorph (9)
Scrolls
 e - a scroll of amnesia {unknown}
 h - a scroll of silence {unknown}
 j - a scroll of fog {unknown}
 m - 3 scrolls of vulnerability {unknown}
 o - a scroll of fear {unknown}
Potions
 b - a potion of lignification
 g - 2 potions of might
 i - 3 potions of resistance
 p - 2 potions of magic


   Skills:
 + Level 2.0 Fighting
 + Level 0.9 Throwing
 + Level 2.4 Dodging
 * Level 3.6 Unarmed Combat
 * Level 3.1 Shapeshifting


You had 3 spell levels left.
You didn't know any spells.
Your spell library contained the following spells:

 Spells                   Type           Power      Damage    Failure   Level
 Magic Dart               Conj           0%         1d3       36%         1
 Blink                    Tloc           0%         N/A       50%         2
 Call Imp                 Summ           0%         N/A       50%         2
 Tukima's Dance           Hex            0%         N/A       75%         3
 Dimensional Bullseye     Hex/Tloc       0%         N/A       98%         4
 Iskenderun's Mystic Bla  Conj/Tloc      0%         2d3       98%         4


Dungeon Overview and Level Annotations

Branches:
Dungeon (4/15)
 Temple: D:4-7

Altars:
Sif Muna

Shops:
D:1 ?

Annotations:
D:2 Sigmund


Innate Abilities, Weirdness & Mutations

You are a hulking beast.
Your limbs bulge with bestial killing power. (Slay +1)
You have a sharp stinger which inflicts weakening toxins.


Message History

The orc is moderately wounded.
The orc hits you with a +0 flail.
You hit the orc.
You kill the orc!
You hit something.
You hear some strange, mumbled words.
Something tries to affect you, but you resist.
You miss something. Something hits you.
You miss something. Something hits you.
You miss something.
Your tail-slap misses something.
Something hits you.
You hit something.
Your tail-slap misses something.
Something hits you.
You closely miss something.
Your tail-slap misses something.
Something hits you.
You hit something. Something completely misses you.
You miss something. Something hits you.
You miss something. Something barely misses you.
You hit something.
Your tail-slap misses something.
Something hits you.
You barely miss something.
Your tail-slap misses something.
You hear some strange, mumbled words.
You are confused.
You bump into the rock wall.
Something hits you.
You bump into the rock wall.
Something hits you.
You hit something. Something hits you.
You bump into the rock wall.
You hear some strange, mumbled words.
You are more confused.
You bump into the rock wall.
You hear some strange, mumbled words.
A magic dart appears from out of thin air!
The magic dart hits you!
* * * LOW HITPOINT WARNING * * *
It was a potion of enlightenment.
You feel very buoyant.
You fly up into the air.
It was a potion of cancellation.
Your magical effects are unravelling.
You feel magically purged.
You float gracefully downwards.
You feel less confused.
Your enlightenment fades.
Something hits you.
You die...

.# ####.# ..#.#
#.#.#
#.####.#.###
........h#
#####....#o#
.......<.#)######
######.#.#......#
.............#.#
.....>######.#
#####. .# #. # #.


You could see an orc.

Vanquished Creatures
  Robin (D:2)
  2 adders
  8 orcs
  4 endoplasms
  3 giant cockroaches
  10 goblins
  9 hobgoblins
  3 jackals (D:3)
  10 kobolds
  3 quokkas
  4 ball pythons
  6 bats
  A frilled lizard (D:1)
  6 rats
70 creatures vanquished.

Notes
Turn   | Place    | Note
-------+----------+-------------------------------------------
     0 | D:1      | bobarctor the Demonspawn Shapeshifter began the quest for
                  | the Orb.
     0 | D:1      | Reached XP level 1. HP: 15/15 MP: 1/1
   218 | D:1      | Gained mutation: You have a small tail. [demonic ancestry]
   218 | D:1      | Reached XP level 2. HP: 16/21 MP: 2/2
   584 | D:1      | Found a faded altar of an unknown god.
   801 | D:1      | Found Xutujy Wohi's Magic Scroll Shoppe.
   804 | D:1      | Bought a scroll of identify for 26 gold pieces
  1016 | D:2      | Noticed Sigmund
  1028 | D:1      | Gained mutation: You have a tail ending in a sharp stinger.
                  | [demonic ancestry]
  1028 | D:1      | Reached XP level 3. HP: 15/26 MP: 3/3
  1307 | D:2      | Noticed Robin
  1321 | D:2      | Killed Robin
  1502 | D:2      | Gained mutation: You have a sharp stinger which inflicts
                  | weakening toxins. [demonic ancestry]
  1502 | D:2      | Reached XP level 4. HP: 28/33 MP: 4/4
  2838 | D:3      | Found a shimmering blue altar of Sif Muna.
  3124 | D:4      | HP: 1/33 [something/magic dart (11)]
  3126 | D:4      | Slain by an orc wizard

Illustrated notes

Levels and vault maps discovered:
D:1:      eino_arrival_cavern_a, layout_basic, chequers_ecumenical_altar_island,
          serial_shops, nicolae_shop_rolled_up, kennysheep_decorative_pillar,
          minivault_19
D:2:      layout_loops_ring, uniq_robin, uniq_sigmund
D:3:      layout_basic, led_sif_pool
D:4:      layout_basic

Skill      XL: |  1  2  3  4 |
---------------+-------------+-----
Dodging        | 2 |  2.4
Unarmed Combat | 3 |  3.6
Shapeshifting  | 3 |  3.1
Fighting       | 2 |  2.0
Throwing       | |  0.9

Action                     |  1- 3 |  4- 6 || total
---------------------------+-------+-------++-------
  Melee: Unarmed           |    94 |    80 ||   174
         Punch             |     5 |     1 ||     6
         Tailslap          |     7 |     3 ||    10
  Throw: Boomerang         |     7 |       ||     7
    Use: Scroll            |     2 |     1 ||     3
         Potion            |       |     2 ||     2
   Stab: Sleeping          |     1 |     1 ||     2
 Armour: Animal skin       |    49 |    46 ||    95
  Dodge: Dodged            |    66 |    47 ||   113

Table legend: (Time is in decaauts)
 A = Elapsed time spent in this place.
 B = Non-inter-level travel time spent in this place.
 C = Inter-level travel time spent in this place.
 D = Time resting spent in this place.
 E = Time spent auto-exploring this place.
 F = Levels seen in this place.
 G = Mean time per level.
                   A        B        C        D        E       F      G
               +--------+--------+--------+--------+--------+-----+--------+
         Total |   3125 |   2939 |    186 |    369 |   1994 |   4 |  781.2 |
       Dungeon |   3125 |   2939 |    186 |    369 |   1994 |   4 |  781.2 |
               +--------+--------+--------+--------+--------+-----+--------+

Top non-repeatable levels by time:
     D:3: 1238 daAuts
     D:1: 1177 daAuts
     D:2: 673 daAuts
     D:4: 36 daAuts
